AoeStats
← frizboum

Arena

513013995Analyzed
3v3 RM · 6d ago on Oct 11, 2026· 59m 18s· 6 players
Game mode
Random Map
Map size
Normal (6 player)
Population
200
Speed
Normal
Resources
Standard
Victory
Conquest
Starting age
Dark Age
Ending age
Imperial Age
RankedLock teamsTeams togetherTeam positionsShared explorationLock speedFull tech treeHidden civsTurbo modeCheats
Victory
Defeat
🇺🇸 Britons · United States
747
+16
🇦🇷 Malians · Argentina
738
+17
🇨🇱 Persians · Chile
717
+17
vs
🇪🇸 Bohemians · Spain
808
-18
🇫🇷 Huns · France
749
-17
696
-15
alr325
11:03 Feudal Age
12:19 Wheelbarrow
11:44 Double-Bit Axe
12:25 Horse Collar
15:45 Loom
19:26 Castle Age
17:47 Gold Mining
17:59 Stone Mining
21:17 Hand Cart
21:37 Bow Saw
27:28 Coinage
33:56 Imperial Age
31:18 Fletching
32:29 Husbandry
32:53 Ballistics
32:53 Light Cavalry
33:40 Scale Barding Armor
34:25 Fortified Wall
34:11 Murder Holes
36:04 Chemistry
37:02 Conscription
36:14 Onager
39:27 Yeomen
39:55 Chain Barding Armor
39:36 Scale Mail Armor
39:49 Masonry
39:37 Bodkin Arrow
39:19 Cavalier
41:20 Warwolf
42:38 Two-Man Saw
43:17 Squires
42:57 Elite Longbowman
44:17 Plate Barding Armor
44:14 Architecture
43:08 Pikeman
44:51 Gold Shaft Mining
43:56 Halberdier
45:44 Fervor
45:55 Sanctity
46:21 Hoardings
45:59 Forging
47:02 Padded Archer Armor
50:20 Devotion
50:37 Block Printing
51:29 Chain Mail Armor
51:23 Siege Engineers
54:11 Plate Mail Armor
58:44 Illumination
MJRL10
10:00 Loom
12:27 Feudal Age
12:48 Double-Bit Axe
12:43 Horse Collar
13:42 Wheelbarrow
15:48 Stone Mining
16:09 Town Watch
20:59 Castle Age
19:55 Gold Mining
22:08 Hand Cart
27:08 Gold Shaft Mining
26:46 Bow Saw
26:37 Heavy Plow
31:46 Padded Archer Armor
31:37 Fletching
35:24 Imperial Age
33:02 Kamandaran
33:31 Bodkin Arrow
34:29 Stone Shaft Mining
34:52 Leather Archer Armor
35:10 Ballistics
35:01 Masonry
34:17 Crossbowman
36:04 Conscription
37:31 Thumb Ring
40:41 Elite War Elephant
45:33 Conscription
45:22 Scale Barding Armor
45:28 Forging
45:48 Ring Archer Armor
45:32 Bloodlines
45:22 Husbandry
48:34 Chemistry
58:39 Capped Ram
60:44 Two-Man Saw
60:15 Crop Rotation
lucasjroldan
10:00 Feudal Age
11:19 Wheelbarrow
10:31 Double-Bit Axe
12:02 Horse Collar
18:13 Castle Age
21:55 Arson
31:17 Squires
35:04 Tigui
39:01 Imperial Age
40:48 Chemistry
42:27 Elite Gbeto
43:16 Scale Mail Armor
43:31 Forging
44:31 Chain Mail Armor
44:34 Bow Saw
44:37 Heavy Plow
44:30 Gold Mining
49:15 Pikeman
Rascota
2:25 Loom
13:28 Feudal Age
16:10 Double-Bit Axe
19:29 Castle Age
18:33 Wheelbarrow
17:46 Horse Collar
19:19 Man-at-Arms
23:09 Crossbowman
40:44 Husbandry
41:44 Heavy Plow
45:10 Elite Skirmisher
49:23 Chemistry
BOT Sidra (Oscargután Puente)
0:36 Loom
11:21 Feudal Age
13:33 Wheelbarrow
15:08 Double-Bit Axe
15:05 Horse Collar
18:41 Town Watch
21:21 Castle Age
19:25 Gold Mining
19:27 Stone Mining
22:47 Hand Cart
25:50 Anarchy
25:58 Murder Holes
26:41 Bow Saw
28:22 Heavy Plow
29:00 Caravan
31:54 Pikeman
36:15 Imperial Age
34:28 Ballistics
35:06 Masonry
34:37 Treadmill Crane
37:31 Perfusion
37:20 Halberdier
38:40 Town Patrol
39:34 Coinage
39:14 Guilds
40:11 Stone Shaft Mining
40:38 Crop Rotation
41:12 Two-Man Saw
41:15 Chemistry
40:57 Onager
41:01 Elite Skirmisher
43:28 Banking
44:58 Padded Archer Armor
44:49 Fletching
44:59 Scale Mail Armor
45:10 Forging
47:24 Bodkin Arrow
47:46 Leather Archer Armor
frizboum
0:44 Loom
1:13 Loom
11:11 Feudal Age
11:55 Double-Bit Axe
11:56 Horse Collar
17:42 Wheelbarrow
20:20 Castle Age
21:04 Gold Mining
21:07 Stone Mining
21:36 Bow Saw
21:36 Heavy Plow
22:56 Gold Shaft Mining
25:18 Scale Barding Armor
25:23 Forging
25:07 Fletching
26:03 Caravan
26:34 Coinage
27:09 Hand Cart
35:16 Imperial Age
32:55 Marauders
34:50 Iron Casting
34:44 Husbandry
35:19 Chain Barding Armor
34:55 Bodkin Arrow
35:39 Bloodlines
37:10 Plate Barding Armor
37:36 Blast Furnace
37:02 Conscription
37:07 Atheism
37:16 Cavalier
39:04 Bracer
39:05 Murder Holes
40:08 Ballistics
41:24 Chemistry
42:34 Paladin
44:15 Masonry
Connection lost

Rejoining the realm…

Still unreachable

The connection could not be restored.

Session expired

The server has moved on; the page needs a fresh start.